 Dungeon Crawl Stone Soup version 0.27.1-2-g3b301248ec (webtiles) character file.

Game seed: 4536787054133883689

1202 pkoi the Carver (level 8, 0/66 HPs)
             Began as a Minotaur Gladiator on Sept 24, 2021.
             Was an Initiate of Dithmenos.
             Slain by an ice beast (4 damage)
             ... on level 6 of the Dungeon.
             The game lasted 00:06:15 (6506 turns).

pkoi the Carver (Minotaur Gladiator)                Turns: 6506, Time: 00:06:15

Health: 0/66       AC:  2    Str: 27    XL:     8   Next: 21%
Magic:  7/7        EV: 10    Int:  5    God:    Dithmenos [......]
Gold:   173        SH:  5    Dex: 18    Spells: 7/7 levels left

rFire    . . .     SeeInvis .   a - +1 long sword
rCold    . . .     Faith    .   (no shield)
rNeg     . . .     Spirit   .   g - +0 chain mail
rPois    .         Reflect  +   c - +0 hat
rElec    .         Harm     .   (no cloak)
rCorr    .         Rampage  .   (no gloves)
Will     .....                  (no boots)
Stlth    ..........             f - amulet of reflection
HPRegen  0.21/turn              r - +6 ring of dexterity
MPRegen  0.10/turn              n - +6 ring of strength

@: corroded
A: horns 2, retaliatory headbutt
a: Renounce Religion


You were on level 6 of the Dungeon.
You worshipped Dithmenos.
Dithmenos was noncommittal.
You visited 2 branches of the dungeon, and saw 7 of its levels.

You collected 261 gold pieces.
You spent 88 gold pieces at shops.

Inventory:

Hand Weapons
 a - a +1 long sword (weapon)
 b - a +0 shortbow
Missiles
 d - 4 throwing nets
 o - 13 poisoned darts (quivered)
Armour
 c - a +0 hat (worn)
 g - a +0 chain mail (worn)
Jewellery
 f - an amulet of reflection (around neck)
 n - a +6 ring of strength (right hand)
 q - a ring of willpower
 r - a +6 ring of dexterity (left hand)
Scrolls
 e - a scroll of vulnerability
 h - 4 scrolls of identify
 k - a scroll of blinking
 p - a scroll of enchant weapon
 s - 2 scrolls of teleportation
 t - a scroll of fog
Potions
 i - a potion of berserk rage
 j - 2 potions of curing
 l - 2 potions of flight
 m - 3 potions of ambrosia


   Skills:
 + Level 4.1 Fighting
 + Level 9.2 Long Blades
 + Level 3.8 Bows
 - Level 2.0 Throwing
 + Level 5.6 Armour
 - Level 3.2 Dodging


You had 7 spell levels left.
You didn't know any spells.
Your spell library contained the following spells:

 Spells                   Type           Power      Damage    Failure   Level
 Corona                   Hex            0%         N/A       96%         1
 Foxfire                  Conj/Fire      0%         2x1d4     96%         1
 Ensorcelled Hibernation  Hex/Ice        0%         N/A       99%         2
 Static Discharge         Conj/Air       0%         N/A       99%         2
 Conjure Flame            Conj/Fire      0%         6-21      100%        3
 Inner Flame              Hex/Fire       0%         N/A       100%        3
 Tukima's Dance           Hex            0%         N/A       100%        3
 Dispel Undead            Necr           0%         3d6       100%        4
 Sticky Flame             Conj/Fire      0%         2d3       100%        4
 Summon Lightning Spire   Summ/Air       0%         N/A       100%        4
 Storm Form               Tmut/Air       0%         N/A       100%        7
 Maxwell's Capacitive Co  Air            0%         ∞         100%        8


Dungeon Overview and Level Annotations

Branches:
Dungeon (6/15)             Temple (1/1) D:5

Altars:
Ashenzari
Cheibriados
Dithmenos
Fedhas
Gozag
Hepliaklqana
Makhleb
Nemelex Xobeh
Okawaru
Ru
Trog
Uskayaw
Vehumet
Wu Jian
Yredelemnul
Zin
The Shining One

Shops:
D:3 [=[!(   D:4 (


Innate Abilities, Weirdness & Mutations

You have a pair of horns on your head.
You reflexively headbutt those who attack you in melee.


Message History

You barely miss the ice beast.
You headbutt the ice beast, but do no damage.
The ice beast is moderately wounded.
You block the ice beast's attack.
You hit the ice beast but do no damage.
You headbutt the ice beast, but do no damage.
The ice beast is moderately wounded.
The ice beast closely misses you.
You riposte.
You hit the ice beast.
You headbutt the ice beast, but do no damage.
The ice beast is heavily wounded.
You closely miss the ice beast.
You headbutt the ice beast, but do no damage.
The ice beast is heavily wounded.
The ice beast hits you. The ice beast freezes you!
You hit the ice beast but do no damage. Your headbutt misses the ice beast.
The ice beast is heavily wounded.
The ice beast hits you. The ice beast freezes you!
* * * LOW HITPOINT WARNING * * *
You slash the ice beast! Your headbutt misses the ice beast.
The ice beast is severely wounded.
The ice beast hits you.
* * * LOW HITPOINT WARNING * * *
The ice beast freezes you!
* * * LOW HITPOINT WARNING * * *
You hit the ice beast but do no damage.
The ice beast is severely wounded.
The ice beast hits you but does no damage.
You hit the ice beast but do no damage. You headbutt the ice beast.
The ice beast is severely wounded.
The ice beast hits you.
* * * LOW HITPOINT WARNING * * *
The ice beast freezes you!
* * * LOW HITPOINT WARNING * * *
You hit the ice beast.
The ice beast is almost dead.
You hit the ice beast but do no damage.
You headbutt the ice beast, but do no damage.
The ice beast is almost dead.
The ice beast hits you.
You die...

#.# # #.. .. #..
.# #... .# .# .#
##.# ### #### #Y.#
#.. ..# #@# #.#
#.# #.# #.####.#
#)# #...(..# #.#
##.##)#.########.#
......#..........#
##......##########
#.####.# #.. ..#


You could see an ice beast.

Vanquished Creatures
  A hornet (D:5)
  A water moccasin (D:5)
  A sky beast (D:5)
  An ogre (D:5)
  A wyvern zombie (D:6)
  3 scorpions
  A bullfrog skeleton (D:6)
  A hound (D:6)
  A jelly (D:6)
  An iguana (D:4)
  Natasha (D:2)
  3 orc wizards
  A hound zombie (D:5)
  A hound skeleton (D:3)
  2 howler monkey zombies
  11 gnolls
  An adder (D:2)
  An adder skeleton (D:3)
  2 worms
  5 dart slugs
  17 orcs
  4 endoplasms
  2 giant cockroaches
  6 goblins
  6 hobgoblins
  4 quokkas
  2 ball pythons
  5 bats
  5 frilled lizards
  7 kobolds
  2 rats
100 creatures vanquished.

Notes
Turn   | Place    | Note
-------+----------+-------------------------------------------
     0 | D:1      | pkoi the Minotaur Gladiator began the quest for the Orb.
     0 | D:1      | Reached XP level 1. HP: 18/18 MP: 0/0
   199 | D:1      | Reached skill level 4 in Long Blades
   268 | D:1      | Reached XP level 2. HP: 25/25 MP: 1/1
  1146 | D:2      | Reached XP level 3. HP: 19/30 MP: 2/2
  1241 | D:2      | Reached skill level 1 in Armour
  1267 | D:2      | Reached skill level 5 in Long Blades
  1785 | D:2      | Noticed Natasha
  1791 | D:2      | Killed Natasha
  1792 | D:2      | Reached XP level 4. HP: 37/37 MP: 3/3
  2185 | D:3      | Reached skill level 6 in Long Blades
  2448 | D:3      | Reached XP level 5. HP: 37/42 MP: 4/4
  2532 | D:3      | Found Zouth's Antique Armour Shoppe.
  2600 | D:3      | Found a faded altar of an unknown god.
  2632 | D:3      | Found Gaon's Weapon Shoppe.
  2642 | D:3      | Found Gofe's Distillery.
  2650 | D:3      | Bought a potion of mutation for 88 gold pieces
  3029 | D:3      | Found Loenn's Jewellery Shoppe.
  3233 | D:3      | Found Rifu's Antique Armour Emporium.
  3437 | D:4      | Found Maediu's Weapon Boutique.
  3445 | D:4      | Reached skill level 1 in Bows
  3806 | D:4      | Reached skill level 7 in Long Blades
  3806 | D:4      | Reached XP level 6. HP: 50/50 MP: 5/5
  3812 | D:4      | Identified the +5 war axe of the Apocalypse {chaos, Dex+5}
  4595 | D:5      | Entered Level 5 of the Dungeon
  4599 | D:5      | Noticed a hornet
  4604 | D:5      | Paralysed by a hornet for 1 turns
  4607 | D:5      | Killed a hornet
  4608 | D:5      | Reached skill level 8 in Long Blades
  4608 | D:5      | Reached XP level 7. HP: 47/56 MP: 6/6
  5522 | D:5      | Found a staircase to the Ecumenical Temple.
  5542 | Temple   | Entered the Ecumenical Temple
  5726 | Temple   | Became a worshipper of Dithmenos the Shadowed
  5749 | D:5      | Reached skill level 5 in Armour
  6024 | D:6      | Reached skill level 9 in Long Blades
  6173 | D:6      | Reached XP level 8. HP: 64/64 MP: 7/7
  6181 | D:6      | Found an iron altar of Okawaru.
  6504 | D:6      | HP: 3/66 [ice beast (14)]
  6506 | D:6      | Slain by an ice beast

Illustrated notes

Levels and vault maps discovered:
D:1:      minmay_arrival_cross, layout_basic
D:2:      layout_basic, minmay_tromino_v4_c, uniq_natasha
D:3:      layout_basic, serial_shops, shop, shop, nicolae_diamond_shop, shop,
          shop, hellmonk_ecumenical_altar_inner_sanctum
D:4:      layout_loops_cross, serial_shops, shop, grunt_decor_fettered,
          roderic_roman_lattice
D:5:      layout_gridville, minmay_temple_entry_large_hall
D:6:      layout_loops_cross, okawaru_metal_pillars_1_2,
          lightli_sewer_entry_pipes, uniq_duvessa
Temple:   regret_index_temple_sphere_string

Skill      XL: |  1  2  3  4  5  6  7  8 |
---------------+-------------------------+-----
Long Blades    | 4 5 6 7 8 9 |  9.2
Armour         | 1 2 3 4 5 |  5.6
Bows           | 1 2 3 |  3.8
Fighting       | 3 4 |  4.1
Throwing       | |  2.0
Dodging        | |  3.2

Action                   |  1- 3 |  4- 6 |  7- 9 || total
-------------------------+-------+-------+-------++-------
Melee: Long sword        |    74 |    85 |    92 ||   251
       Headbutt          |    14 |    24 |    29 ||    67
  Use: Potion            |     1 |     7 |       ||     8
       Scroll            |       |     5 |     3 ||     8
Armor: Chain mail        |    38 |    23 |    25 ||    86
       Leather armour    |     1 |       |       ||     1
Dodge: Dodged            |    35 |    39 |    27 ||   101
Block: Other             |    16 |    24 |    12 ||    52
       Reflection        |     1 |     2 |       ||     3
       Rpst.: Long sword |    10 |     9 |     5 ||    24
